 Dungeon Crawl Stone Soup version 0.21.1-1-g345015fe64 (webtiles) character file.

255085 Jannitor the Unseen (level 19, -8/117 HPs)
             Began as a Spriggan Berserker on May 25, 2018.
             Was a High Priest of Trog.
             Killed from afar by a deep elf knight (49 damage)
             ... with a shard of ice
             ... on level 3 of the Elven Halls.
             The game lasted 02:03:12 (57730 turns).

Jannitor the Unseen (Spriggan Berserker)           Turns: 57730, Time: 02:03:13

Health: -8/117     AC: 18    Str: 18    XL:     19   Next: 42%
Magic:  9/9        EV: 31    Int:  6    God:    Trog [*****.]
Gold:   1716       SH: 10    Dex: 17    Spells: 18/18 levels left

rFire    + . .     SeeInvis +   a - +5 quick blade (antimagic)
rCold    . . .     Gourm    .   B - +0 buckler
rNeg     + . .     Faith    .   X - quicksilver dragon scales
rPois    .         Spirit   .   n - +0 mask of the Dragon {MR+ Slay+3 SInv}
rElec    .         Reflect  +   Q - +2 cloak {rF+}
rCorr    .         Harm     .   (gloves unavailable)
MR       +++++                  (boots unavailable)
Stlth    +++++++...             E - +2 amulet of reflection
HPRegen  1.29/turn              N - ring of positive energy
MPRegen  0.11/turn              Y - +2 ring of protection

@: regenerating, very quick
A: very small, unfitting armour, horns 1, see invisible, dopey 2, herbivore,
speed 3, robust 1, slow metabolism 2
}: 1/15 runes: gossamer
a: Berserk, Trog's Hand, Brothers in Arms, Burn Spellbooks, Renounce Religion


You were on level 3 of the Elven Halls.
You worshipped Trog.
Trog was extremely pleased with you.
You were not hungry.

You visited 7 branches of the dungeon, and saw 35 of its levels.
You also visited: Labyrinth, Ossuary, Ice Cave and Volcano.

You collected 3748 gold pieces.
You spent 2032 gold pieces at shops.

Inventory:

Hand Weapons
 a - a +5 antimagic quick blade (weapon)
 b - a +2 blowgun
 R - the +7 short sword of Eternal Vigilance {elec, rF++ Str+3 Int+4}
   (You found it on level 3 of the Spider Nest)

   Occasionally, upon striking a foe, it will discharge some electrical energy
   and cause terrible harm.
   It affects your strength (+3).
   It affects your intelligence (+4).
   It greatly protects you from fire.
Missiles
 d - 10 needles of sleeping
 u - 4 throwing nets (quivered)
 A - 73 poisoned needles
 D - 19 exploding tomahawks
 F - 15 needles of paralysis
 L - 27 curare-tipped needles
 O - 34 needles of confusion
Armour
 i - a +2 cloak of invisibility
 n - the +0 mask of the Dragon (worn) {MR+ Slay+3 SInv}
   (You bought it in a shop on level 12 of the Dungeon)

   It affects your accuracy and damage with ranged weapons and melee attacks
   (+3).
   It affects your resistance to hostile enchantments.
   It lets you see invisible.
 q - +0 swamp dragon scales
 B - a +0 buckler (worn)
 Q - a +2 cloak of fire resistance (worn)
 S - +0 fire dragon scales
 X - quicksilver dragon scales (worn)
Jewellery
 E - a +2 amulet of reflection (around neck)
 N - a ring of positive energy (left hand)
 Y - a +2 ring of protection (right hand)
 Z - an uncursed ring of protection from fire
Wands
 e - a wand of clouds (4)
 j - a wand of disintegration (6)
 r - a wand of polymorph (41)
 z - a wand of digging (22)
 G - a wand of flame (120)
 J - a wand of iceblast (11)
 T - a wand of enslavement (21)
 U - a wand of paralysis (31)
Scrolls
 k - 9 scrolls of teleportation
 p - 11 scrolls of enchant armour
 s - 10 scrolls of remove curse
 v - 2 scrolls of vulnerability
 y - 3 scrolls of fog
 C - 2 scrolls of blinking
 K - a scroll of magic mapping
 M - 2 scrolls of brand weapon
 V - 3 scrolls of fear
 W - a scroll of identify
Potions
 f - 4 potions of cancellation
 g - 3 potions of mutation
 h - 7 potions of resistance
 l - 4 potions of invisibility
 m - 19 potions of curing
 o - 3 potions of magic
 t - 4 potions of haste
 w - 2 potions of agility
 x - 4 potions of ambrosia
 H - 5 potions of might
 I - 5 potions of berserk rage
Miscellaneous
 P - 2 boxes of beasts
Comestibles
 c - 12 rations


   Skills:
 + Level 14.5 Fighting
 - Level 12.0 Short Blades
   Level 7.3 Maces & Flails
 * Level 13.4 Throwing
 - Level 9.8 Armour
 + Level 18.3 Dodging
 - Level 19.3 Stealth
 - Level 7.2 Shields
 - Level 10.0 Evocations


You had 18 spell levels left.
You didn't know any spells.

Dungeon Overview and Level Annotations

Branches:
Dungeon (15/15)            Temple (0/1) D:7            Lair (6/6) D:10
  Swamp (4/4) Lair:3       Spider (4/4) Lair:3        Slime (0/5) Lair:6
    Orc (2/2) D:11            Elf (3/3) Orc:2        Vaults (1/5) D:14
 Depths (0/5) D:15

Altars:
Cheibriados
Dithmenos
Elyvilon
Fedhas
Gozag
Makhleb
Nemelex Xobeh
Okawaru
Qazlal
Vehumet
Wu Jian
Xom
Yredelemnul
Zin
Beogh

Shops:
D:6 *   D:7 *!**?   D:9 !   D:12 [   D:14 :   Orc:2 ((![   Elf:1 %

Portals:
Trove: D:12 (give 13 potions of heal wounds)

Annotations:
D:2 1 runed door
Lair:2 exclusion: oklob plant
Lair:6 exclusion: oklob plant
Spider:4 Asterion


Innate Abilities, Weirdness & Mutations

You are very small and have problems with some larger weapons.
You are too small for most types of armour.
You have supernaturally acute eyesight. (SInv)
You are a herbivore.
You cover ground extremely quickly.
You need consume almost no food.
You have a pair of small horns on your head.
You are very dopey. (Int -4)
You are robust. (+10% HP)


Message History

Your juvenile batweird beast constricts the deep elf knight.
Unknown command.
Unknown command.
You block the deep elf mage's attack.
Your juvenile batweird beast is engulfed in blazing flames.
Your juvenile batweird beast hits the deep elf knight!
Your juvenile batweird beast constricts the deep elf knight.
The deep elf mage mumbles some strange words.
The deep elf mage blinks!
Unknown command.
You hit the deep elf knight.
The deep elf knight's magic leaks into the air.
You headbutt the deep elf knight!
The deep elf knight is almost dead.
The deep elf archer unwields an uncursed shortbow.
The deep elf archer wields an uncursed dagger.
The deep elf archer misses you.
The deep elf knight casts a spell at you.
The shard of ice hits you!
You die...

#.#######. ######
##......... ##.§§§§#+
###.......... +..§§§§.##
#....≈≈≈≈≈...
...§§§§§.###..≈≈≈≈≈≈≈≈≈.
...§§§§§..#..≈≈≈#####≈≈≈
.....§He§(#..≈≈## ##≈≈
....Pee§(('.≈≈## ###
.....ee@..#.≈≈#
....§.e...#.≈≈#
.........##.≈≈#
#((...*.##..≈≈#
##.....###...≈≈# #+####
#...≈≈≈# .....≈≈# ..≈


You could see 3 deep elf archers, a deep elf knight, 2 deep elf magi, a
battlesphere and a friendly juvenile batweird beast.

Vanquished Creatures
  Saint Roka (Elf:2)
  Nikola (Elf:1)
  Arachne (Spider:3)
  Jorgrun (Swamp:3)
  Rupert (D:13)
  A deep elf blademaster (Elf:1)
  A thorn hunter (Swamp:4)
  Agnes (Spider:4)
  A sphinx (Elf:1)
  Kirke (Spider:1)
  Donald (Orc:2)
  A fire giant (D:14)
  2 ghost moths (Spider:4)
  2 emperor scorpions
  3 entropy weavers
  A deep elf annihilator (Elf:3)
  Nessos (Lair:5)
  Azrael (Orc:2)
  A spark wasp (Spider:4)
  A red draconian (Volcano)
  Josephine (Orc:2)
  A deep elf death mage (Elf:1)
  3 fire dragons
  A minotaur (Lab)
  5 vault guards
  Fannar (D:11)
  27 hydras
  The ghost of lrwvr the Carver, a journeyman DsGl of Wu Jian (Lair:1)
  A ghost crab (Swamp:3)
  12 two-headed ogres
  A catoblepas (D:15)
  5 centaur warriors
  2 death knights (D:15)
  2 ogre magi
  A titan zombie (D:15)
  8 alligators
  3 orc high priests
  22 dancing weapons
  Urug (D:12)
  14 deep elf knights
  Nergalle (Lair:1)
  Sonja (D:14)
  A salamander mystic (Volcano)
  A fire crab (Lair:5)
  2 skeletal warriors
  3 unseen horrors
  11 deep elf archers
  A flayed ghost (D:15)
  8 swamp dragons
  2 spriggan druids
  3 harpies (Elf:2)
  A wizard (D:15)
  2 orc knights (Orc:2)
  A shambling mangrove (Swamp:2)
  A necromancer (D:15)
  A phantasmal warrior (D:15)
  23 ugly things
  2 harpies (shapeshifter) (D:15)
  39 deep elf magi
  5 cyclopes
  10 manticores
  5 orc sorcerers
  30 wolf spiders
  A stone giant zombie (D:15)
  15 orb spiders
  A tengu skeleton (D:15)
  7 elephants
  2 moths of wrath (Spider:4)
  4 salamanders (Volcano)
  4 black mambas (Lair:6)
  11 spiny frogs
  A gargoyle (D:14)
  2 molten gargoyles (Volcano)
  3 torpor snails
  2 centaur skeletons
  4 komodo dragons
  A yaktaur (D:14)
  5 kobold demonologists
  An efreet (D:14)
  13 demonic crawlers
  2 tengu conjurers (D:15)
  A freezing wraith (D:15)
  A guardian mummy (D:15)
  29 jumping spiders
  5 trolls
  3 meliai (D:13)
  Prince Ribbit (Lair:1)
  10 tyrant leeches
  23 hornets
  12 polar bears
  26 slime creatures
  12 hippogriffs
  12 blink frogs
  An ice dragon zombie (D:15)
  5 bog bodies
  Sigmund (D:2)
  110 redbacks
  4 shadows
  3 air elementals
  3 vampires
  9 spriggans
  32 tarantellas
  9 wraiths
  A centaur simulacrum (D:10)
  2 fire bats (Volcano)
  3 fire elementals
  2 wyverns (D:14)
  A hog (Spider:1)
  3 basilisks
  28 yaks
  Grum (D:9)
  4 water elementals
  A human (D:5)
  15 vampire mosquitoes
  3 wargs
  10 insubstantial wisps
  18 swamp worms
  4 hell hounds
  9 water moccasins
  14 porcupines
  8 swamp drakes
  Duvessa (D:7)
  27 orc warriors
  3 ice beasts
  6 sky beasts
  4 black bears
  2 phantoms
  14 centaurs
  An eye of draining (shapeshifter) (Elf:1)
  10 ogres
  21 wolves
  18 crocodiles
  4 big kobolds
  2 elf zombies (Ossuary)
  4 earth elementals
  17 bullfrogs
  A gnoll sergeant (D:6)
  A wyvern zombie (D:9)
  Dowan (D:7)
  3 scorpions
  14 killer bees
  17 wights
  3 electric eels
  A howler monkey (D:14)
  7 lava snakes (Volcano)
  5 crimson imps
  5 hounds
  A quasit (D:14)
  4 bullfrog zombies
  5 centaur zombies
  2 jellies
  24 orc priests
  32 orc wizards
  A bullfrog skeleton (D:9)
  3 iguanas
  5 worker ants
  A big kobold zombie (Ossuary)
  2 hound zombies (Ossuary)
  4 mummies
  A howler monkey skeleton (D:7)
  A howler monkey zombie (D:10)
  16 gnolls
  12 adders
  A shadow imp (D:7)
  15 white imps
  2 adder zombies (Ossuary)
  An adder skeleton (D:8)
  A worm (D:2)
  3 dart slugs
  10 leopard geckos
  89 orcs
  7 bats
  3 giant cockroaches
  8 hobgoblins
  7 jackals
  18 kobolds
  3 quokkas
  A ball python (D:7)
  12 frilled lizards
  4 gnoll zombies (Ossuary)
  10 goblins
  2 hobgoblin zombies (Ossuary)
  6 jackal zombies
  A kobold skeleton (D:5)
  5 kobold zombies (Ossuary)
  A leopard gecko skeleton (D:4)
  A leopard gecko zombie (D:6)
  2 orc zombies (Ossuary)
  A quokka skeleton (D:6)
  4 quokka zombies
  10 rats
  3 rat zombies (Ossuary)
1345 creatures vanquished.

Vanquished Creatures (collateral kills)
  Mara (Spider:3)
  A frost giant (IceCv)
  Harold (Lair:2)
  An alligator (Swamp:4)
  An ogre mage (D:14)
  3 dancing weapons (Elf:2)
  A deep elf knight (Elf:2)
  A shambling mangrove (Swamp:4)
  A swamp dragon (Swamp:1)
  An orb spider (Spider:4)
  A deep elf mage (Elf:2)
  A rime drake (IceCv)
  2 polar bears (IceCv)
  A bog body (Swamp:1)
  2 redbacks (Spider:4)
  A tarantella (Spider:4)
  7 yaks
  A fire elemental (Orc:2)
  A hungry ghost (D:14)
  A hell hound (Orc:2)
  3 orc warriors
  2 ogres
  A bullfrog (D:14)
  A wight (D:14)
  4 orc wizards (Orc:2)
  An orc priest (Orc:2)
  3 orcs
45 creatures vanquished.

Vanquished Creatures (others)
  An alligator (Swamp:3)
  2 deep elf knights (Elf:2)
  A deep elf archer (Elf:1)
  A deep elf mage (Elf:2)
  A jumping spider (Spider:1)
  2 humans (Spider:1)
  3 orcs (Elf:2)
  A bush (Lair:6)
  7 fungi
  3 plants
  4 withered plants (D:15)
26 creatures vanquished.

Grand Total: 1416 creatures vanquished

Notes
Turn   | Place    | Note
-------+----------+-------------------------------------------
     0 | D:1      | Jannitor the Spriggan Berserker began the quest for the Orb.
     0 | D:1      | Reached XP level 1. HP: 11/11 MP: 2/2
   313 | D:1      | Reached skill level 1 in Stealth
   328 | D:1      | Reached XP level 2. HP: 3/16 MP: 3/3
  1053 | D:1      | Reached skill level 2 in Stealth
  1215 | D:1      | Reached ** piety under Trog
  1373 | D:2      | Noticed Sigmund
  1465 | D:2      | Found a runed door.
  1495 | D:2      | Reached XP level 3. HP: 18/19 MP: 4/4
  1683 | D:2      | Reached skill level 3 in Stealth
  1859 | D:2      | Killed Sigmund
  1859 | D:2      | Reached skill level 5 in Dodging
  1859 | D:2      | Reached skill level 5 in Stealth
  1859 | D:2      | Reached XP level 4. HP: 19/24 MP: 3/5
  1859 | D:2      | Reached XP level 5. HP: 23/28 MP: 3/6
  2171 | D:2      | Found an ornate altar of the Wu Jian Council.
  2462 | D:3      | Found an iron altar of Okawaru.
  2515 | D:3      | Reached XP level 6. HP: 29/32 MP: 5/7
  2675 | D:3      | Reached *** piety under Trog
  2691 | D:3      | Reached skill level 6 in Stealth
  3057 | D:3      | Found a blossoming altar of Fedhas.
  3091 | D:3      | You fall through a shaft!
  3161 | D:3      | Found a burning altar of Makhleb.
  3708 | D:4      | Reached skill level 7 in Stealth
  3708 | D:4      | Reached XP level 7. HP: 33/37 MP: 4/8
  3713 | D:4      | Reached skill level 5 in Short Blades
  3928 | D:4      | Found a shadowy altar of Dithmenos.
  4306 | D:5      | Entered Level 5 of the Dungeon
  4361 | D:5      | Found a runed door.
  4361 | D:5      | Noticed a human
  4370 | D:5      | Found a basalt altar of Yredelemnul.
  4400 | D:5      | Killed a human
  4400 | D:5      | Reached skill level 8 in Stealth
  4641 | D:5      | Found a radiant altar of Vehumet.
  4650 | D:5      | Reached skill level 9 in Stealth
  4948 | D:5      | Reached XP level 8. HP: 19/42 MP: 4/9
  5256 | D:5      | Got a coiled tin ring
  5312 | D:5      | Identified the ring of Kaid {*Tele MR- Str+3 Dex+2} (You found it on level 5 of the Dungeon)
  5825 | D:6      | Reached skill level 10 in Stealth
  5879 | D:6      | Reached **** piety under Trog
  6058 | D:6      | Found a white marble altar of Elyvilon.
  6164 | D:6      | Found Gozag's Platinum Reserve.
  6166 | D:6      | Found an opulent altar of Gozag.
  6270 | D:6      | Reached skill level 11 in Stealth
  6301 | D:6      | Found a glowing silver altar of Zin.
  6356 | D:6      | Found a sand-covered staircase.
  6360 | Ossuary  | Entered an ossuary
  6414 | Ossuary  | Reached skill level 5 in Fighting
  7307 | D:6      | Reached XP level 9. HP: 47/47 MP: 10/10
  7530 | D:6      | Gained mutation: You are dopey. (Int -2) [potion of mutation]
  7530 | D:6      | Gained mutation: You are very dopey. (Int -4) [potion of mutation]
  7530 | D:6      | Gained mutation: Your muscles are strong. (Str +2) [potion of mutation]
  7530 | D:6      | Gained mutation: You are agile. (Dex +2) [potion of mutation]
  7574 | D:7      | Found a snail-covered altar of Cheibriados.
  7784 | D:7      | Found a staircase to the Ecumenical Temple.
  7824 | D:7      | Reached skill level 10 in Dodging
  7833 | D:7      | Noticed a six-headed hydra
  7894 | D:7      | Noticed Dowan
  7895 | D:7      | Found Cacurhir's Distillery.
  7896 | D:7      | Noticed Duvessa
  7903 | D:7      | Killed Dowan
  7909 | D:7      | Killed Duvessa
  7951 | D:7      | Bought a potion of haste for 130 gold pieces
  7951 | D:7      | Bought a potion of degeneration for 13 gold pieces
  7994 | D:7      | Found a sparkling altar of Nemelex Xobeh.
  8052 | D:7      | Reached ***** piety under Trog
  8386 | D:7      | Found Mohexzoq's Assorted Antiques.
  8395 | D:7      | Bought a scroll of enchant armour for 195 gold pieces
  8395 | D:7      | Bought a scroll of teleportation for 78 gold pieces
  8395 | D:7      | Bought 2 ruby potions for 46 gold pieces
  8465 | D:7      | Found Rufuol's General Store.
  8601 | D:7      | Found Daodanet's General Store.
  8673 | D:7      | Found Sapyatt's Magic Scroll Boutique.
  9121 | D:8      | Noticed a two-headed ogre
  9360 | D:8      | Found a stormy altar of Qazlal.
  9427 | D:8      | Received a gift from Trog
  9905 | D:9      | Found Mutuluas's Distillery.
 10012 | D:9      | Noticed Grum
 10034 | D:9      | Killed Grum
 10204 | D:9      | Reached XP level 10. HP: 54/55 MP: 11/11
 10484 | D:9      | Found a shimmering altar of Xom.
 10498 | D:9      | Found a shimmering altar of Xom.
 10523 | D:9      | Found a shimmering altar of Xom.
 10527 | D:9      | Found a shimmering altar of Xom.
 10789 | D:10     | Entered Level 10 of the Dungeon
 11455 | D:10     | Received a gift from Trog
 11602 | D:10     | Noticed an unseen horror
 11613 | D:10     | Killed an unseen horror
 11613 | D:10     | Reached skill level 1 in Maces & Flails
 12038 | D:10     | Found a staircase to the Lair.
 12632 | D:10     | Reached XP level 11. HP: 60/60 MP: 12/12
 12961 | D:11     | Found Visalosm's Food Boutique.
 13364 | D:11     | Found a staircase to the Orcish Mines.
 13488 | D:11     | Noticed a six-headed hydra
 13600 | D:12     | Found Wioj's Armour Boutique.
 13606 | D:12     | Found a frozen archway.
 13677 | IceCv    | Entered an ice cave
 13954 | IceCv    | Received a gift from Trog
 14010 | IceCv    | Reached skill level 5 in Maces & Flails
 14587 | IceCv    | Reached skill level 15 in Dodging
 15415 | IceCv    | Noticed a frost giant
 15421 | IceCv    | Killed a frost giant
 15428 | IceCv    | Reached XP level 12. HP: 67/67 MP: 13/13
 15846 | D:12     | Noticed a vault guard
 15885 | D:12     | Killed a vault guard
 16133 | D:12     | Noticed Urug
 16180 | D:12     | Found a portal to a secret trove of treasure.
 16253 | D:12     | Killed Urug
 16660 | D:12     | Reached skill level 10 in Fighting
 16872 | D:12     | Bought the +0 mask of the Dragon {MR+ Slay+3 SInv} for 400 gold pieces
 16872 | D:12     | Found the +0 mask of the Dragon {MR+ Slay+3 SInv}
 17301 | Lair:1   | Entered Level 1 of the Lair of Beasts
 17515 | Lair:1   | Noticed lrwvr's ghost (journeyman DsGl)
 17660 | Lair:1   | Noticed Nergalle
 17861 | Lair:1   | Noticed Prince Ribbit
 17963 | Lair:1   | Killed Prince Ribbit
 17963 | Lair:1   | Received a gift from Trog
 18064 | Lair:1   | Killed lrwvr's ghost
 18335 | Lair:2   | Noticed Harold
 18400 | Lair:2   | Noticed a seven-headed hydra
 18789 | Lair:2   | Killed a seven-headed hydra
 19186 | Lair:2   | Killed Harold
 19453 | Lair:3   | Found a staircase to the Swamp.
 19464 | Lair:3   | Found a hole to the Spider Nest.
 19469 | Lair:3   | Reached skill level 1 in Throwing
 19763 | Lair:3   | Got an ancient robe
 19774 | Lair:3   | Identified the +0 robe "Bude" {rPois} (You found it on level 3 of the Lair of Beasts)
 19804 | Lair:3   | You fall through a shaft!
 20404 | Lair:4   | Reached skill level 1 in Armour
 21115 | Lair:5   | Noticed a six-headed hydra
 21126 | Lair:5   | Found a dark tunnel.
 21136 | Volcano  | Entered a volcano
 21178 | Volcano  | Reached XP level 13. HP: 68/72 MP: 4/14
 21305 | Volcano  | Found a radiant altar of Vehumet.
 21370 | Volcano  | Noticed a red draconian
 21374 | Volcano  | Killed a red draconian
 21489 | Lair:5   | Reached skill level 1 in Evocations
 21631 | Lair:5   | Noticed Nessos
 21643 | Lair:5   | Killed Nessos
 22633 | Lair:6   | Entered Level 6 of the Lair of Beasts
 22696 | Lair:6   | Received a gift from Trog
 23434 | Lair:6   | Received a gift from Trog
 23434 | Lair:6   | Reached skill level 5 in Throwing
 23434 | Lair:6   | Reached skill level 1 in Shields
 23742 | Lair:6   | Found a staircase to the Slime Pits.
 24356 | Orc:1    | Entered Level 1 of the Orcish Mines
 24356 | Orc:1    | Found a roughly hewn altar of Beogh.
 24586 | Orc:2    | Entered Level 2 of the Orcish Mines
 24596 | Orc:2    | Found a staircase to the Elven Halls.
 24804 | Orc:2    | Received a gift from Trog
 24939 | Orc:2    | Received a gift from Trog
 25088 | Orc:2    | Noticed Azrael
 25097 | Orc:2    | Reached skill level 12 in Stealth
 25102 | Orc:2    | Killed Azrael
 25102 | Orc:2    | Received a gift from Trog
 25102 | Orc:2    | Reached skill level 5 in Evocations
 25102 | Orc:2    | Reached XP level 14. HP: 79/79 MP: 6/18
 25212 | Orc:2    | Received a gift from Trog
 25262 | Orc:2    | Noticed Donald
 25635 | Orc:2    | Received a gift from Trog
 25647 | Orc:2    | Got a fine short sword {god gift}
 25648 | Orc:2    | Identified the +10 short sword of Idaotoad {holy, rPois rF++ Str-4} (Trog gifted it to you on level 2 of the Orcish Mines)
 25663 | Orc:2    | Noticed Josephine
 25686 | Orc:2    | Killed Josephine
 26107 | Orc:2    | Killed Donald
 26305 | Orc:2    | Found Eruannef's Distillery.
 26305 | Orc:2    | Found Mogi Say's Weapon Shop.
 26306 | Orc:2    | Found Guijinit's Antique Weapon Shop.
 26309 | Orc:2    | Found Veaq's Armour Boutique.
 26805 | D:12     | Bought quicksilver dragon scales for 720 gold pieces
 26952 | Lair:1   | Killed Nergalle
 27006 | Swamp:1  | Entered Level 1 of the Swamp
 28771 | Swamp:1  | Reached skill level 13 in Stealth
 29603 | Swamp:2  | Lost mutation: You are very dopey. (Int -4) [potion of mutation]
 29603 | Swamp:2  | Lost mutation: You are agile. (Dex +2) [potion of mutation]
 29603 | Swamp:2  | Lost mutation: Your muscles are strong. (Str +2) [potion of mutation]
 29603 | Swamp:2  | Gained mutation: You are very dopey. (Int -4) [potion of mutation]
 29603 | Swamp:2  | Gained mutation: You are robust. (+10% HP) [potion of mutation]
 29603 | Swamp:2  | Gained mutation: You have a pair of small horns on your head. [potion of mutation]
 30145 | Swamp:2  | Reached skill level 5 in Shields
 30166 | Swamp:2  | Identified the +0 robe of Parlour Games {*Contam MR+ Dex+4 SInv} (You found it on level 2 of the Swamp)
 30823 | Swamp:2  | Reached skill level 5 in Armour
 30855 | Swamp:2  | Reached XP level 15. HP: 92/92 MP: 6/20
 31511 | Swamp:3  | Noticed Jorgrun
 31531 | Swamp:3  | Killed Jorgrun
 31820 | Swamp:3  | Found a snail-covered altar of Cheibriados.
 32146 | Swamp:3  | Received a gift from Trog
 32149 | Swamp:3  | Got a fine short sword {god gift}
 32150 | Swamp:3  | Identified the +8 short sword of Cutuxkol {venom, +Inv Int+6} (Trog gifted it to you on level 3 of the Swamp)
 32891 | Swamp:4  | Entered Level 4 of the Swamp
 32975 | Swamp:4  | Noticed a thorn hunter
 32988 | Swamp:4  | Killed a thorn hunter
 32988 | Swamp:4  | Reached skill level 14 in Stealth
 34066 | Swamp:4  | Received a gift from Trog
 34478 | Spider:1 | Entered Level 1 of the Spider Nest
 35277 | Spider:1 | Reached skill level 10 in Short Blades
 35348 | Spider:1 | Noticed Kirke
 35389 | Spider:1 | Killed Kirke
 35784 | Spider:1 | Reached XP level 16. HP: 62/96 MP: 7/21
 36939 | Spider:2 | Reached skill level 15 in Stealth
 37075 | Spider:2 | Received a gift from Trog
 37839 | Spider:3 | Noticed Arachne
 38113 | Spider:3 | Killed Arachne
 38593 | Spider:3 | Received a gift from Trog
 38630 | Spider:3 | Identified the +7 short sword of Eternal Vigilance {elec, rF++ Str+3 Int+4} (You found it on level 3 of the Spider Nest)
 38795 | Spider:3 | Received a gift from Trog
 38822 | Spider:3 | Reached ****** piety under Trog
 39301 | Spider:4 | Entered Level 4 of the Spider Nest
 39305 | Spider:4 | Noticed Mara
 39330 | Spider:4 | Noticed Jannitor's illusion
 39373 | Spider:3 | Received a gift from Trog
 39614 | Spider:4 | Reached skill level 16 in Stealth
 39705 | Spider:4 | Noticed Agnes
 40021 | Spider:4 | Received a gift from Trog
 40204 | Spider:4 | Killed Agnes
 40239 | Spider:4 | Received a gift from Trog
 40919 | Spider:4 | Reached XP level 17. HP: 103/103 MP: 2/22
 41261 | Spider:4 | Noticed Jannitor's illusion
 41292 | Spider:3 | Killed Mara
 41292 | Spider:3 | Reached skill level 10 in Throwing
 42080 | Spider:4 | Noticed Asterion
 43204 | Spider:4 | Got a gossamer rune of Zot
 43667 | D:11     | Bought a ration for 50 gold pieces
 43667 | D:11     | Bought a ration for 50 gold pieces
 43667 | D:11     | Bought a ration for 50 gold pieces
 43667 | D:11     | Bought a ration for 50 gold pieces
 43667 | D:11     | Bought a ration for 50 gold pieces
 43667 | D:11     | Bought a ration for 50 gold pieces
 43667 | D:11     | Bought a ration for 50 gold pieces
 43667 | D:11     | Bought a ration for 50 gold pieces
 43667 | D:11     | Bought a ration for 50 gold pieces
 43686 | D:11     | Noticed Fannar
 43690 | D:11     | Killed Fannar
 43776 | D:13     | Noticed Rupert
 43963 | D:13     | Killed Rupert
 43963 | D:13     | Reached skill level 17 in Stealth
 44716 | D:14     | Found Eqoddeyf's Book Shop.
 44782 | D:14     | Received a gift from Trog
 44864 | D:14     | Noticed Sonja
 44891 | D:14     | Killed Sonja
 44972 | D:14     | Found Pehen's Gadget Boutique.
 45149 | D:14     | Found a gate to the Vaults.
 45221 | D:14     | Found a labyrinth entrance.
 45230 | Lab      | Entered a labyrinth
 45507 | D:14     | Received a gift from Trog
 46583 | D:15     | Entered Level 15 of the Dungeon
 46730 | D:15     | Found a staircase to the Depths.
 47392 | D:15     | Reached skill level 18 in Stealth
 47966 | D:15     | Reached XP level 18. HP: 109/109 MP: 8/24
 47996 | D:15     | Received a gift from Trog
 48268 | D:15     | Received a gift from Trog
 48916 | D:15     | Received a gift from Trog
 49319 | Elf:1    | Entered Level 1 of the Elven Halls
 49342 | Elf:1    | Received a gift from Trog
 49359 | Elf:1    | Noticed Nikola
 49399 | Elf:1    | Killed Nikola
 50858 | Elf:1    | Found Juqot's Food Boutique.
 51886 | Elf:1    | Received a gift from Trog
 52577 | Elf:2    | Reached skill level 19 in Stealth
 53040 | Elf:2    | Received a gift from Trog
 53133 | Elf:2    | Reached skill level 10 in Evocations
 53326 | Elf:2    | Found a runed gate.
 53326 | Elf:2    | Found a runed gate.
 53338 | Elf:2    | Found a runed gate.
 53451 | Elf:2    | Noticed Saint Roka
 53873 | Elf:1    | Received a gift from Trog
 54940 | Elf:2    | Reached XP level 19. HP: 116/116 MP: 9/27
 55130 | Elf:2    | Killed Saint Roka
 55999 | Swamp:4  | Received a gift from Trog
 56635 | Vaults:1 | Entered Level 1 of the Vaults
 57455 | Elf:3    | Entered Level 3 of the Elven Halls
 57730 | Elf:3    | Killed from afar by a deep elf knight

Skill      XL: |  1  2  3  4  5  6  7  8  9 10 11 12 13 14 15 16 17 18 19 |
---------------+----------------------------------------------------------+-----
Stealth        | 1 2 5 7 9 11 12 13 14 16 18 19 | 19.3
Fighting       | 3 4 5 7 8 9 10 11 12 13 14 | 14.5
Short Blades   | 4 5 6 8 9 10 11 12 | 12.0
Dodging        | 5 6 7 9 12 14 15 16 17 18 | 18.3
Maces & Flails | 3 6 7 |  7.3
Throwing       | 3 5 6 8 9 11 12 13 | 13.4
Armour         | 1 3 5 6 7 8 9 |  9.8
Evocations     | 5 7 10 | 10.0
Shields        | 2 5 7 |  7.2

Action                   |  1- 3 |  4- 6 |  7- 9 | 10-12 | 13-15 | 16-18 | 19-21 || total
-------------------------+-------+-------+-------+-------+-------+-------+-------++-------
Melee: Whip              |   108 |   170 |   728 |   762 |       |       |       ||  1768
       Short sword       |     9 |       |    29 |       |   186 |    16 |       ||   240
       Morningstar       |       |       |       |    20 |       |       |       ||    20
       Rapier            |       |       |       |    63 |       |       |       ||    63
       Quick blade       |       |       |       |   338 |  2556 |  3801 |   456 ||  7151
       Flail             |       |       |       |    52 |       |       |       ||    52
       Headbutt          |       |       |       |       |   310 |  1090 |   128 ||  1528
 Fire: Blowgun           |       |       |       |       |    46 |    41 |     2 ||    89
Throw: Tomahawk          |       |       |       |       |     1 |       |       ||     1
       Throwing net      |       |       |       |       |       |     5 |       ||     5
Invok: Berserk           |     1 |     1 |     3 |     4 |     5 |     1 |       ||    15
       Trog's Hand       |     1 |       |     5 |     3 |    10 |    17 |     3 ||    39
       Burn Spellbooks   |       |       |       |     1 |     2 |     4 |     1 ||     8
       Brothers in Arms  |       |       |       |     2 |     4 |    10 |     2 ||    18
 Abil: Evoke Invisibilit |       |       |       |       |     1 |       |       ||     1
Evoke: Wand              |       |       |     1 |     9 |    14 |     4 |     4 ||    32
       Box of beasts     |       |       |       |       |       |     1 |     1 ||     2
  Use: Scroll            |       |     2 |    10 |    13 |    14 |    12 |     4 ||    55
       Potion            |       |       |     1 |     2 |    10 |     5 |     1 ||    19
 Stab: Sleeping          |     3 |    14 |    22 |    27 |    29 |    46 |     6 ||   147
       Distracted        |     1 |       |     3 |     5 |    14 |    13 |     2 ||    38
       Invisible         |       |       |       |       |     7 |       |       ||     7
       Confused          |       |       |       |       |     1 |       |       ||     1
       Paralysed         |       |       |       |       |       |     2 |       ||     2
       Held in net/web   |       |       |       |       |       |    11 |       ||    11
  Eat: Ration            |       |     1 |     8 |     8 |    15 |    20 |     3 ||    55
Armor: Animal skin       |    10 |     9 |    14 |       |       |       |       ||    33
       Robe              |       |       |    13 |    40 |       |       |       ||    53
       Skin              |       |       |       |    11 |       |       |       ||    11
       Troll leather arm |       |       |       |    14 |    25 |       |       ||    39
       Quicksilver drago |       |       |       |       |    27 |   150 |    37 ||   214
       Swamp dragon scal |       |       |       |       |    57 |   102 |       ||   159
Dodge: Dodged            |   123 |   200 |   782 |  1165 |  1320 |  1714 |   184 ||  5488
Block: Buckler           |       |       |       |       |   383 |   712 |    83 ||  1178
       Reflection        |       |       |       |       |       |    17 |     5 ||    22
